TOP OF THE 1ST |
Texas Rangers batting - Pitching for Houston Astros : RHP Brian Lynch
|
Pitching: RHP Brian Lynch
|
|
Batting: SHB Jun Tsuda
|
0-0: Ball 1-0: Ball 2-0: SINGLE (Groundball, 4M, EV 101.9 MPH) (infield hit)
|
Batting: LHB Sean Geisler
|
0-0: Fly out, F5 (Popup, 5F, EV 82.5 MPH)
|
Batting: SHB Vince Ealy
|
0-0: Swinging Strike 0-1: Foul Ball, location: 2F 0-2: Ball 1-2: Ball 2-2: Ball 3-2: Foul Ball, location: 2F 3-2: Base on Balls Jun Tsuda to second
|
Batting: SHB John Giesbrecht
|
0-0: Grounds into double play, 4-6-3 (Groundball, 4, EV 110.0 MPH)
|
Top of the 1st over - 0 runs, 1 hit, 0 errors, 1 left on base; Texas 0 - Houston 0 |
BOTTOM OF THE 1ST |
Houston Astros batting - Pitching for Texas Rangers : LHP Wayne Perry
|
Pitching: LHP Wayne Perry
|
|
Batting: RHB Danny Merrill
|
0-0: Ball 1-0: Ball 2-0: Ball 3-0: Called Strike 3-1: Base on Balls
|
Batting: RHB Jeremy Trump
|
0-0: Ball 1-0: Ball 2-0: Ball 3-0: Base on Balls Danny Merrill to second
|
Batting: RHB Josh Froyd
|
0-0: Ball 1-0: Ball 2-0: Ball 3-0: Called Strike 3-1: Called Strike 3-2: Foul Ball, location: 2F 3-2: Fly out, F8 (Flyball, 8LD, EV 81.9 MPH)
|
Batting: RHB Eric Chotkowski
|
0-0: Ball 1-0: Ball 2-0: Called Strike 2-1: Foul Ball, location: 2F 2-2: Foul Ball, location: 2F 2-2: Strikes out looking
|
Batting: SHB Joe Gardner
|
0-0: Fielders Choice at 2nd, 5-4 (Groundball, 56, EV 107.5 MPH)
|
Bottom of the 1st over - 0 runs, 0 hits, 0 errors, 2 left on base; Texas 0 - Houston 0 |
TOP OF THE 2ND |
Texas Rangers batting - Pitching for Houston Astros : RHP Brian Lynch
|
Batting: LHB Andy Bowman
|
0-0: Foul Ball, location: 2F 0-1: Swinging Strike 0-2: Ball 1-2: Ball 2-2: Strikes out looking
|
Batting: RHB Ray Llewellyn
|
0-0: Ball 1-0: Foul Ball, location: 2F 1-1: Swinging Strike 1-2: Ball 2-2: Ball 3-2: Ground out 6-3 (Groundball, 6, EV 103.1 MPH)
|
Batting: RHB Butch Kaiser
|
0-0: Ground out U3 (Groundball, 34, EV 100.6 MPH)
|
Top of the 2nd over - 0 runs, 0 hits, 0 errors, 0 left on base; Texas 0 - Houston 0 |
BOTTOM OF THE 2ND |
Houston Astros batting - Pitching for Texas Rangers : LHP Wayne Perry
|
Batting: RHB Antonio Aranda
|
0-0: Ball 1-0: Called Strike 1-1: Ball 2-1: DOUBLE (Line Drive, 78D, EV 100.0 MPH)
|
Batting: LHB Shigeru Ono
|
0-0: Ball 1-0: Sac Bunt to 13 - play at first, batter OUT! 1-3 Antonio Aranda to third
|
Batting: SHB Troy Kenyon
|
0-0: Called Strike 0-1: Ball 1-1: Ground out 5-3 (Groundball, 56S, EV 85.6 MPH) Antonio Aranda scores
|
Batting: LHB Bryce Hill
|
0-0: Called Strike 0-1: Called Strike 0-2: Strikes out swinging
|
Bottom of the 2nd over - 1 run, 1 hit, 0 errors, 0 left on base; Texas 0 - Houston 1 |
TOP OF THE 3RD |
Texas Rangers batting - Pitching for Houston Astros : RHP Brian Lynch
|
Batting: RHB Blake Ballard
|
0-0: Bunt for hit to 3S - play at first, batter safe!
|
Batting: RHB Rodolfo Contreras
|
0-0: Called Strike 0-1: Called Strike 0-2: Grounds into double play, 6-4-3 (Groundball, 56, EV 91.9 MPH)
|
Batting: SHB Jun Tsuda
|
0-0: Foul Ball, location: 2F 0-1: Foul Ball, location: 2F 0-2: Ball 1-2: Ball 2-2: Ball 3-2: Ground out 5-3 (Groundball, 56, EV 107.5 MPH)
|
Top of the 3rd over - 0 runs, 1 hit, 0 errors, 0 left on base; Texas 0 - Houston 1 |
BOTTOM OF THE 3RD |
Houston Astros batting - Pitching for Texas Rangers : LHP Wayne Perry
|
Batting: RHB Danny Merrill
|
0-0: Foul Ball, location: 2F 0-1: Called Strike 0-2: Strikes out swinging
|
Batting: RHB Jeremy Trump
|
0-0: Called Strike 0-1: Swinging Strike 0-2: Ball 1-2: Foul Ball, location: 2F 1-2: DOUBLE (Groundball, 5L, EV 103.8 MPH)
|
Batting: RHB Josh Froyd
|
0-0: Called Strike 0-1: SINGLE (Groundball, 4MD, EV 104.4 MPH) Jeremy Trump to third Runner from 3rd tries for Home, SAFE, throw by CF to home Josh Froyd to second
|
Batting: RHB Eric Chotkowski
|
0-0: Called Strike 0-1: Swinging Strike 0-2: Foul Ball, location: 2F 0-2: Ball 1-2: Ball 2-2: Ball 3-2: Foul Ball, location: 2F 3-2: Strikes out swinging
|
Batting: SHB Joe Gardner
|
0-0: Called Strike 0-1: Ground out 5-3 (Groundball, 56S, EV 88.1 MPH)
|
Bottom of the 3rd over - 1 run, 2 hits, 0 errors, 1 left on base; Texas 0 - Houston 2 |
TOP OF THE 4TH |
Texas Rangers batting - Pitching for Houston Astros : RHP Brian Lynch
|
Batting: LHB Sean Geisler
|
0-0: Called Strike 0-1: Foul Ball, location: 2F 0-2: Ball 1-2: Strikes out swinging
|
Batting: SHB Vince Ealy
|
0-0: Called Strike 0-1: SINGLE (Groundball, 4D, EV 104.4 MPH)
|
Batting: SHB John Giesbrecht
|
0-0: Grounds into double play, 6-4-3 (Groundball, 6, EV 90.0 MPH)
|
Top of the 4th over - 0 runs, 1 hit, 0 errors, 0 left on base; Texas 0 - Houston 2 |
BOTTOM OF THE 4TH |
Houston Astros batting - Pitching for Texas Rangers : LHP Wayne Perry
|
Batting: RHB Antonio Aranda
|
0-0: Swinging Strike 0-1: Ball 1-1: Ball 2-1: Swinging Strike 2-2: Foul Ball, location: 2F 2-2: Ball 3-2: Foul Ball, location: 2F 3-2: Ground out 4-3 (Groundball, 4, EV 88.1 MPH)
|
Batting: LHB Shigeru Ono
|
0-0: Ball 1-0: Fly out, F3 (Line Drive, 3, EV 67.5 MPH)
|
Batting: SHB Troy Kenyon
|
0-0: Swinging Strike 0-1: Ball 1-1: Swinging Strike 1-2: Foul Ball, location: 2F 1-2: Strikes out swinging
|
Bottom of the 4th over - 0 runs, 0 hits, 0 errors, 0 left on base; Texas 0 - Houston 2 |
TOP OF THE 5TH |
Texas Rangers batting - Pitching for Houston Astros : RHP Brian Lynch
|
Batting: LHB Andy Bowman
|
0-0: Called Strike 0-1: Swinging Strike 0-2: Strikes out swinging
|
Batting: RHB Ray Llewellyn
|
0-0: Ball 1-0: Called Strike 1-1: Ball 2-1: Foul Ball, location: 2F 2-2: Ball 3-2: SINGLE (Flyball, 3D, EV 93.1 MPH)
|
Batting: RHB Butch Kaiser
|
0-0: Ball 1-0: Ball 2-0: Foul Ball, location: 2F 2-1: Called Strike 2-2: Strikes out swinging
|
Batting: RHB Blake Ballard
|
0-0: Foul Ball, location: 2F 0-1: Called Strike 0-2: Ball 1-2: Foul Ball, location: 2F 1-2: Fly out, F9 (Flyball, 9LM, EV 80.0 MPH)
|
Top of the 5th over - 0 runs, 1 hit, 0 errors, 1 left on base; Texas 0 - Houston 2 |
BOTTOM OF THE 5TH |
Houston Astros batting - Pitching for Texas Rangers : LHP Wayne Perry
|
Batting: LHB Bryce Hill
|
0-0: Ball 1-0: Called Strike 1-1: Foul Ball, location: 2F 1-2: Ball 2-2: Foul Ball, location: 2F 2-2: Foul Ball, location: 2F 2-2: Ground out 4-3 (Groundball, 34D, EV 102.5 MPH)
|
Batting: RHB Danny Merrill
|
0-0: Ball 1-0: Ball 2-0: Ball 3-0: Foul Ball, location: 2F 3-1: Base on Balls
|
Batting: RHB Jeremy Trump
|
0-0: Called Strike 0-1: Ball 1-1: Ball 2-1: Foul Ball, location: 2F 2-2: Strikes out swinging
|
Batting: RHB Josh Froyd
|
0-0: Ball 1-0: Foul Ball, location: 2F 1-1: Swinging Strike 1-2: Ball 2-2: Foul Ball, location: 2F 2-2: Foul Ball, location: 2F 2-2: Ball 3-2: Base on Balls Danny Merrill to second
|
Batting: RHB Eric Chotkowski
|
0-0: Ball 1-0: Ball 2-0: Ball 3-0: Base on Balls Danny Merrill to third Josh Froyd to second
|
Batting: SHB Joe Gardner
|
0-0: Foul Ball, location: 2F 0-1: Called Strike 0-2: Strikes out looking
|
Bottom of the 5th over - 0 runs, 0 hits, 0 errors, 3 left on base; Texas 0 - Houston 2 |
TOP OF THE 6TH |
Texas Rangers batting - Pitching for Houston Astros : RHP Brian Lynch
|
Batting: RHB Rodolfo Contreras
|
0-0: Called Strike 0-1: Ball 1-1: Ball 2-1: Ball 3-1: Base on Balls
|
Batting: SHB Jun Tsuda
|
0-0: Ball 1-0: Fielders Choice at 2nd, 3-6 (Groundball, 3, EV 82.5 MPH)
|
Batting: LHB Sean Geisler
|
0-0: Fly out, F7 (Flyball, 7, EV 76.9 MPH)
|
Batting: SHB Vince Ealy
|
0-0: Ball Jun Tsuda is caught stealing 2nd base 2-6
|
Top of the 6th over - 0 runs, 0 hits, 0 errors, 0 left on base; Texas 0 - Houston 2 |
BOTTOM OF THE 6TH |
Houston Astros batting - Pitching for Texas Rangers : LHP Wayne Perry
|
Pitching: RHP Brad Kramer
|
|
Batting: RHB Antonio Aranda
|
0-0: Called Strike 0-1: Called Strike 0-2: Strikes out swinging
|
Batting: LHB Shigeru Ono
|
0-0: Called Strike 0-1: Swinging Strike 0-2: Strikes out looking
|
Batting: SHB Troy Kenyon
|
0-0: Ball 1-0: Foul Ball, location: 2F 1-1: Ball 2-1: SOLO HOME RUN (Flyball, 8LXD, EV 111.9 MPH), Distance : 417 ft
|
Batting: LHB Bryce Hill
|
0-0: Ball 1-0: Foul Ball, location: 2F 1-1: Fly out, F3 (Popup, 3, EV 75.0 MPH)
|
Bottom of the 6th over - 1 run, 1 hit, 0 errors, 0 left on base; Texas 0 - Houston 3 |
TOP OF THE 7TH |
Texas Rangers batting - Pitching for Houston Astros : RHP Brian Lynch
|
Batting: SHB Vince Ealy
|
0-0: Called Strike 0-1: Ball 1-1: Fly out, F8 (Flyball, 8LXD, EV 109.4 MPH)
|
Batting: SHB John Giesbrecht
|
0-0: Swinging Strike 0-1: Foul Ball, location: 2F 0-2: Ball 1-2: Foul Ball, location: 2F 1-2: Strikes out swinging
|
Batting: LHB Andy Bowman
|
0-0: Ball 1-0: Ball 2-0: Called Strike 2-1: Ball 3-1: Base on Balls
|
Batting: RHB Ray Llewellyn
|
0-0: Ball 1-0: Foul Ball, location: 2F 1-1: Called Strike Andy Bowman is caught stealing 2nd base 2-4
|
Top of the 7th over - 0 runs, 0 hits, 0 errors, 0 left on base; Texas 0 - Houston 3 |
BOTTOM OF THE 7TH |
Houston Astros batting - Pitching for Texas Rangers : RHP Brad Kramer
|
Pitching: RHP Kyle Curve
|
|
Batting: RHB Danny Merrill
|
0-0: Ball 1-0: Ball 2-0: Ball 3-0: Called Strike 3-1: Foul Ball, location: 2F 3-2: Strikes out looking
|
Batting: RHB Jeremy Trump
|
0-0: Ball 1-0: Ball 2-0: Ground out 4-3 (Groundball, 4, EV 89.4 MPH)
|
Batting: RHB Josh Froyd
|
0-0: Swinging Strike 0-1: Fly out, F8 (Flyball, 78D, EV 105.6 MPH)
|
Bottom of the 7th over - 0 runs, 0 hits, 0 errors, 0 left on base; Texas 0 - Houston 3 |
TOP OF THE 8TH |
Texas Rangers batting - Pitching for Houston Astros : RHP Brian Lynch
|
Batting: RHB Ray Llewellyn
|
0-0: Called Strike 0-1: Ball 1-1: Ball 2-1: Foul Ball, location: 2F 2-2: Ball 3-2: Base on Balls
|
Batting: RHB Butch Kaiser
|
0-0: Fly out, F3 (Line Drive, 34, EV 66.9 MPH)
|
Pinch Hitting: SHB Addick de Vries
|
0-0: Swinging Strike 0-1: Ball 1-1: Foul Ball, location: 2F 1-2: Ball Wild Pitch! Ray Llewellyn to second 2-2: Ball 3-2: Base on Balls
|
Batting: RHB Rodolfo Contreras
|
0-0: Reached via error on a dropped throw from 2B, E6 (Groundball, 4, EV 105.0 MPH) Ray Llewellyn to third Addick de Vries to second
|
Batting: SHB Jun Tsuda
|
0-0: Ball 1-0: Ball 2-0: Swinging Strike 2-1: Ball 3-1: Base on Balls Ray Llewellyn scores Addick de Vries to third Rodolfo Contreras to second
|
Pitching: RHP Kyle McPeak
|
|
Batting: LHB Sean Geisler
|
0-0: Called Strike 0-1: Ball 1-1: Swinging Strike 1-2: Foul Ball, location: 2F 1-2: Foul Ball, location: 2F 1-2: Ball 2-2: Ball 3-2: Foul Ball, location: 2F 3-2: Foul Ball, location: 2F 3-2: Fly out, F8 (Line Drive, 78M, EV 88.1 MPH)
|
Batting: SHB Vince Ealy
|
0-0: Ball 1-0: Swinging Strike 1-1: Ball 2-1: SINGLE (Line Drive, 78M, EV 91.2 MPH) Addick de Vries scores Rodolfo Contreras to third Jun Tsuda to second Runner from 3rd tries for Home, SAFE, throw by CF to home
|
Batting: SHB John Giesbrecht
|
0-0: Called Strike 0-1: Fly out, F8 (Flyball, 89D, EV 100.0 MPH)
|
Top of the 8th over - 3 runs, 1 hit, 1 error, 2 left on base; Texas 3 - Houston 3 |
BOTTOM OF THE 8TH |
Houston Astros batting - Pitching for Texas Rangers : RHP Kyle Curve
|
Now in RF: Zhao-ji Chi
|
|
Batting: RHB Eric Chotkowski
|
0-0: Ball 1-0: Called Strike 1-1: Ball 2-1: Ball 3-1: Foul Ball, location: 2F 3-2: Fly out, F8 (Flyball, 8RD, EV 95.0 MPH)
|
Batting: SHB Joe Gardner
|
0-0: Called Strike 0-1: SINGLE (Line Drive, 7S, EV 86.2 MPH)
|
Batting: RHB Antonio Aranda
|
0-0: Ball 1-0: Ball 2-0: Called Strike 2-1: Ball 3-1: Base on Balls Joe Gardner to second
|
Batting: LHB Shigeru Ono
|
0-0: Ball 1-0: Called Strike 1-1: Ball 2-1: Called Strike 2-2: Foul Ball, location: 2F 2-2: Strikes out looking
|
Batting: SHB Troy Kenyon
|
0-0: Ball 1-0: Ball 2-0: Called Strike 2-1: SINGLE (Groundball, 6D, EV 102.5 MPH) Joe Gardner to third Antonio Aranda to second Runner from 3rd tries for Home, throw by CF and OUT! 8-2
|
Bottom of the 8th over - 0 runs, 2 hits, 0 errors, 2 left on base; Texas 3 - Houston 3 |
TOP OF THE 9TH |
Texas Rangers batting - Pitching for Houston Astros : RHP Kyle McPeak
|
Batting: LHB Andy Bowman
|
0-0: Ball 1-0: Called Strike 1-1: Ball 2-1: Ground out 6-3 (Groundball, 6, EV 83.8 MPH)
|
Batting: RHB Ray Llewellyn
|
0-0: Ball 1-0: Swinging Strike 1-1: Ball 2-1: Ball 3-1: Foul Ball, location: 2F 3-2: Foul Ball, location: 2F 3-2: Foul Ball, location: 2F 3-2: Base on Balls
|
Batting: RHB Butch Kaiser
|
0-0: SINGLE (Flyball, 8RS, EV 95.6 MPH) Ray Llewellyn to second
|
Batting: RHB Zhao-ji Chi
|
0-0: Ball Wild Pitch! Ray Llewellyn to third Butch Kaiser to second 1-0: Intentional Walk
|
Batting: RHB Rodolfo Contreras
|
0-0: Called Strike 0-1: Ball 1-1: Called Strike 1-2: SINGLE (Line Drive, 4D, EV 98.1 MPH) Ray Llewellyn scores Butch Kaiser to third Zhao-ji Chi to second Runner from 3rd tries for Home, SAFE, throw by RF to home
|
Batting: SHB Jun Tsuda
|
0-0: Foul Ball, location: 2F 0-1: Swinging Strike 0-2: Grounds into double play, 4-6-3 (Groundball, 4, EV 88.1 MPH)
|
Top of the 9th over - 2 runs, 2 hits, 0 errors, 1 left on base; Texas 5 - Houston 3 |
BOTTOM OF THE 9TH |
Houston Astros batting - Pitching for Texas Rangers : RHP Kyle Curve
|
Pitching: RHP Gavin Nelson
|
|
Batting: LHB Bryce Hill
|
0-0: Called Strike 0-1: SINGLE (Groundball, 3D, EV 96.9 MPH)
|
Batting: RHB Danny Merrill
|
0-0: Ball 1-0: Ball 2-0: Fly out, F8 (Line Drive, 8RD, EV 89.4 MPH)
|
Batting: RHB Jeremy Trump
|
0-0: Ball 1-0: Ball 2-0: Called Strike 2-1: Foul Ball, location: 2F 2-2: Foul Ball, location: 2F 2-2: Ball 3-2: Foul Ball, location: 2F 3-2: Base on Balls Bryce Hill to second
|
Batting: RHB Josh Froyd
|
0-0: Ball 1-0: Ball 2-0: Foul Ball, location: 2F 2-1: Foul Ball, location: 2F 2-2: Ball 3-2: Foul Ball, location: 2F 3-2: Base on Balls Bryce Hill to third Jeremy Trump to second
|
Batting: RHB Eric Chotkowski
|
0-0: Called Strike 0-1: Fielders Choice at 2nd, 3-6 (Groundball, 34, EV 84.4 MPH) Bryce Hill scores Jeremy Trump to third
|
Batting: SHB Joe Gardner
|
0-0: Ball 1-0: Ball 2-0: Foul Ball, location: 2F 2-1: DOUBLE (Flyball, 78D, EV 95.0 MPH) Jeremy Trump scores Eric Chotkowski to third Runner from 3rd tries for Home, SAFE, throw by LF to home
|
Bottom of the 9th over - 3 runs, 2 hits, 0 errors, 1 left on base; Texas 5 - Houston 6 |
|